Map: Kairos Junction LE

Players

Smeeeger - Winner!

  • Race: Zerg Zerg
  • League: Platinum
  • Spawn Location: 11:00

Yair (JonSnow)

  • Race: Zerg Zerg
  • League: Platinum
  • Spawn Location: 5:00

VOD

Have the link to the VOD?

Description

Time

  • Played on: July 14, 2019, 4:44 p.m.
  • Length: 10:43
Show
View Real Time Build Order
Export as new Build Order

Smeeeger Zerg - Winner!

Build Orders: Hatch First 

Get SALT Encoding   

  12  0:01  Drone  
  13  0:14  Overlord  
  13  0:19  Drone  
  14  0:32  Drone x2  
  16  0:39  Drone  
  17  0:49  Drone  
  18  0:58  Hatchery  
  18  1:00  Drone  
  18  1:03  Extractor  
  17  1:16  Spawning Pool  
  16  1:19  Drone  
  16  1:22  Drone  
  18  1:29  Drone  
  19  1:40  Overlord  
  19  2:02  Queen  
  19  2:04  Zergling x4  
  23  2:11  Drone  
  23  2:12  Queen  
  26  2:25  Metabolic Boost  
  26  2:27  Drone x2  
  28  2:32  Drone x2  
  30  2:37  Overlord  
  30  2:48  Queen  
  31  3:11  Drone x5  
  31  3:12  Drone  
  36  3:19  Drone  
  37  3:20  Drone  
  37  3:21  Roach Warren  
  37  3:24  Hatchery, Drone  
  37  3:25  Drone  
  38  3:34  Drone  
  38  3:35  Drone  
  40  3:51  Lair  
  40  3:55  Overlord  
  40  3:56  Overlord  
  40  3:57  Zergling x6  
  43  4:06  Overlord  
  43  4:07  Overlord  
  43  4:13  Evolution Chamber  
  43  4:15  Drone x3  
  43  4:17  Drone  
  46  4:19  Evolution Chamber  
  45  4:25  Roach  
  45  4:26  Roach x3  
  53  4:32  Drone x2  
  53  4:34  Extractor  
  53  4:35  Extractor  
  53  4:36  Drone  
  54  4:38  Queen  
  54  4:41  Drone x2  
  56  4:57  Roach x2  
  56  4:58  Roach x2  
  63  5:00  Drone x3  
  63  5:01  Drone  
  67  5:10  Drone  
  67  5:11  Drone  
  69  5:14  Drone  
  69  5:15  Drone x2  
  69  5:17  Ravager  
  69  5:20  Extractor  
  72  5:23  Drone x5  
  72  5:25  Drone x2, Extractor  
  72  5:26  Drone, Extractor  
  78  5:30  Zerg Missile Weapons Level 1  
  78  5:41  Drone x2  
  78  5:42  Drone x2  
  82  5:43  Overlord  
  82  5:45  Overlord x3  
  82  5:49  Zerg Ground Armor Level 1  
  82  6:08  Drone x2  
  82  6:09  Drone  
  82  6:10  Drone x2, Hydralisk Den  
  86  6:12  Overlord x2  
  86  6:13  Roach x5  
  96  6:19  Ravager  
  96  6:23  Overlord x2  
  97  6:29  Roach  
  97  6:30  Roach x2  
  103  6:36  Ravager x2  
  103  6:38  Roach  
  103  6:39  Hatchery  
  106  6:40  Extractor  
  105  6:54  Roach  
  105  6:55  Roach x3  
  105  6:58  Muscular Augments  
  113  7:08  Drone x3, Overlord x2  
  116  7:10  Roach x4  
  124  7:16  Drone  
  121  7:36  Roach x2  
  121  7:37  Roach x6  
  106  7:38  Roach x5  
  114  7:46  Queen  
  114  7:49  Ravager  
  114  7:50  Ravager x5  
  118  8:09  Grooved Spines, Drone, Queen  
  118  8:10  Drone x6  
  117  8:14  Drone x4  
  117  8:15  Drone x5  
  123  8:21  Drone x3  
  123  8:22  Drone, Overlord  
  127  8:48  Roach x6  
  128  8:49  Roach x5  
  125  9:07  Drone  
  125  9:08  Hatchery x2, Hydralisk  
  125  9:09  Hatchery  
  116  9:34  Zergling x2  
  116  9:35  Zergling x32  
  133  9:41  Roach x4, Spine Crawler  
  133  9:45  Roach x3  
  132  9:55  Roach  
  132  9:56  Roach x3  
  124  10:00  Zergling x4  
  124  10:02  Drone x2  
  126  10:11  Zergling x6  
  125  10:17  Drone  
  125  10:18  Drone  
  125  10:19  Drone x2  
Show
View Real Time Build Order
Export as new Build Order

Yair Zerg 

Build Orders: Hatch First 

Get SALT Encoding   

  12  0:03  Drone  
  13  0:08  Drone  
  14  0:21  Overlord  
  14  0:40  Drone x3  
  17  0:55  Drone  
  18  0:58  Hatchery  
  17  1:12  Spawning Pool  
  17  1:13  Drone  
  17  1:16  Extractor  
  16  1:18  Drone  
  16  1:25  Drone  
  18  1:39  Drone  
  19  1:48  Drone  
  20  1:58  Queen  
  20  2:00  Overlord  
  22  2:10  Zergling x2  
  23  2:17  Drone x2  
  25  2:23  Overlord  
  25  2:28  Queen  
  27  2:48  Drone x2  
  29  2:57  Zergling x2  
  29  3:08  Drone  
  30  3:18  Zergling x2  
  31  3:21  Hatchery  
  31  3:23  Drone  
  31  3:25  Lair  
  31  3:32  Roach Warren  
  30  3:37  Overlord, Extractor  
  29  3:44  Extractor  
  29  3:45  Drone  
  29  3:50  Drone  
  29  3:51  Drone x5  
  35  4:14  Roach x2  
  35  4:15  Roach x2  
  35  4:16  Overlord  
  43  4:27  Glial Reconstitution  
  43  4:28  Hydralisk Den  
  42  4:33  Drone x4  
  42  4:34  Overlord  
  46  4:39  Roach x2  
  50  4:59  Drone  
  52  5:00  Drone x4, Overlord  
  52  5:03  Muscular Augments  
  52  5:04  Drone x2  
  57  5:15  Drone x3  
  57  5:16  Drone, Overlord  
  61  5:24  Hydralisk, Evolution Chamber  
  62  5:29  Hydralisk x2  
  66  5:36  Drone x3  
  66  5:41  Drone, Extractor  
  66  5:42  Drone x2  
  71  5:43  Drone  
  71  5:47  Hydralisk  
  74  5:51  Hydralisk  
  74  5:54  Overlord  
  76  6:01  Hydralisk  
  76  6:02  Hydralisk x2  
  82  6:08  Spine Crawler  
  81  6:13  Overlord  
  81  6:24  Hydralisk x2  
  81  6:25  Hatchery, Hydralisk  
  86  6:34  Hydralisk x3  
  86  6:35  Hydralisk  
  94  6:42  Ravager  
  94  6:43  Ravager x2  
  94  6:45  Drone  
  98  6:48  Overlord x2  
  98  6:58  Overlord  
  98  7:01  Grooved Spines  
  98  7:12  Zerg Missile Weapons Level 1  
  98  7:13  Zergling x12  
  98  7:14  Zergling x8  
  108  7:17  Overlord  
  92  7:39  Hydralisk x6  
  85  7:49  Hydralisk x2  
  85  7:52  Zergling x6  
  84  8:06  Drone x3  
  84  8:12  Metabolic Boost  
  83  8:18  Hydralisk x4  
  86  8:30  Hydralisk x2  
  75  8:51  Hydralisk x4  
  82  8:56  Drone x3  
  82  8:57  Drone x2, Zergling x4  
  89  9:09  Extractor  
  88  9:11  Zergling x10, Extractor  
  88  9:12  Extractor  
  89  9:31  Zergling x12  
  91  9:38  Hydralisk x4  
  96  9:58  Hydralisk x5  
  96  9:59  Hydralisk x2  
Tags
 
Add a new tag
Caveats
  • Supply blocks, unpowered buildings, or Contaminate may cause inaccurate times.
  • Supply counts are checked every 10 seconds.